 Dungeon Crawl Stone Soup version 0.26.1-11-gd32895ea62 (webtiles) character file.

Game seed: 15102955987871937730

117 Zeld the Grasshopper (level 5, -3/34 HPs)
             Began as an Octopode Warper on May 16, 2021.
             Killed by divine providence
             ... invoked by an orc priest
              (8 damage)
             ... on level 3 of the Dungeon.
             The game lasted 00:04:33 (3525 turns).

Zeld the Grasshopper (Octopode Warper)              Turns: 3525, Time: 00:04:33

Health: -3/34      AC:  1    Str: 11    XL:     5   Next: 1%
Magic:  1/9        EV: 13    Int: 16    God:
Gold:   171        SH:  0    Dex: 11    Spells: 1/9 levels left

rFire    + . .     SeeInvis .   a - +0 mace
rCold    . . .     Faith    .   (no shield)
rNeg     . . .     Spirit   .   (helmet restricted)
rPois    +         Reflect  .   (no amulet)
rElec    .         Harm     .   n - ring of wizardry
rCorr    .         Rampage  .   h - ring of wizardry
Will     +....                  q - ring of poison resistance
Stlth    ++........             l - ring of willpower
HPRegen  0.11/turn              s - ring of protection from fire
MPRegen  0.11/turn              (no ring)
                                (no ring)
                                (no ring)

@: no status effects
A: almost no armour, stealthy swim, amphibious, 8 rings, constrict 8, camouflage
1, gelatinous body 1
a: no special abilities


You were on level 3 of the Dungeon.
You visited 1 branch of the dungeon, and saw 3 of its levels.

You collected 171 gold pieces.

Inventory:

Hand Weapons
 a - a +0 mace (weapon)
Missiles
 b - 5 boomerangs of dispersal (quivered)
Jewellery
 h - a ring of wizardry (right tentacle)
 l - a ring of willpower (on tentacle)
 n - a ring of wizardry (left tentacle)
 q - a ring of poison resistance (on tentacle)
 s - a ring of protection from fire (on tentacle)
Scrolls
 c - a scroll of blinking
 e - a scroll of remove curse
 f - a scroll of magic mapping {unknown}
 k - 2 scrolls of fear
 p - a scroll of enchant armour
 r - a scroll of teleportation {unknown}
 t - a scroll of fog {unknown}
Potions
 d - a potion of heal wounds {unknown}
 g - 2 potions of curing {unknown}
 i - 3 potions of haste
 j - a potion of invisibility {unknown}
 m - a potion of ambrosia {unknown}
 o - a potion of mutation {unknown}


   Skills:
 - Level 2.0 Fighting
 * Level 3.8 Maces & Flails
 - Level 1.0 Throwing
 - Level 2.3 Dodging
 + Level 2.7 Spellcasting
 + Level 3.8 Translocations


You had one spell level left.
You knew the following spells:

 Your Spells              Type           Power        Failure   Level
a - Blink                 Tloc           N/A          1%          2
b - Gell's Gravitas       Tloc           7%           3%          3
c - Lesser Beckoning      Tloc           7%           3%          3

Your spell library contained the following spells:

 Spells                   Type           Power        Failure   Level
 Teleport Other           Tloc           14%          3%          3
 Passage of Golubria      Tloc           N/A          11%         4


Dungeon Overview and Level Annotations

Branches:
Dungeon (3/15)

Altars:
Ashenzari
Fedhas
Vehumet
Xom
Zin


Innate Abilities, Weirdness & Mutations

You cannot wear most types of armour.
You are very stealthy in the water. (Stealth+)
You are amphibious.
You can wear up to eight rings at the same time.
You can use your tentacles to constrict eight enemies at once.
Your skin changes colour to match your surroundings (Stealth+).
Your rubbery body absorbs attacks. (AC +1, EV +1)


Message History

The orc closely misses you.
You release your grip on the orc priest.
You hit the orc priest but do no damage.
You grab the orc priest.
The orc priest is severely wounded.
You constrict the orc priest, but do no damage.
The orc priest hits you with a +0 whip.
* * * LOW HITPOINT WARNING * * *
Casting: Gell's Gravitas (dangerous; 3% risk of failure)
Confirm with . or Enter, or press ? or * to list all spells.
Aiming: Gell's Gravitas (dangerous; 3% risk of failure)
Press: ? - help, Dir - move target Gravity reorients around empty space.
You lose your grip on the orc priest.
Unknown command.
You hit the orc priest but do no damage.
Your grab misses the orc priest.
The orc priest is severely wounded.
The orc priest invokes the aid of Beogh against you.
Beogh smites you!
You die...

### #....... ..#
#..##### #.# #..#####
#.# #####..#....
####.####...#..#.###
#.........#.#....###
#.##.####.........##
#.##.##.#
##..........
#..)oo@.# #####....##
####)#### #.#### #.#
#.# ###.## ##'##
.....#### ##...##
.......# ##.....##
.#.#..#.# ##.......##
.#.#....###.........#
#
#........'.........+


You could see an orc priest and an orc.

Vanquished Creatures
  3 adders
  An ooze (D:1)
  5 worms
  4 dart slugs
  2 leopard geckos
  4 orcs (D:3)
  9 bats
  2 giant cockroaches
  6 goblins
  5 hobgoblins
  3 jackals (D:2)
  2 kobolds
  5 frilled lizards
  9 rats
60 creatures vanquished.

Notes
Turn   | Place    | Note
-------+----------+-------------------------------------------
     0 | D:1      | Zeld the Octopode Warper began the quest for the Orb.
     0 | D:1      | Reached XP level 1. HP: 14/14 MP: 3/3
   384 | D:1      | Reached XP level 2. HP: 19/19 MP: 5/5
   391 | D:1      | Learned a level 2 spell: Blink
   507 | D:1      | Reached XP level 3. HP: 23/24 MP: 6/6
   511 | D:1      | Learned a level 3 spell: Gell's Gravitas
  1270 | D:2      | Found a broken altar of Ashenzari.
  1625 | D:2      | Found a shimmering altar of Xom.
  1634 | D:2      | Found a radiant altar of Vehumet.
  1635 | D:2      | Found a glowing silver altar of Zin.
  1638 | D:2      | Found a blossoming altar of Fedhas.
  1866 | D:2      | Reached XP level 4. HP: 15/29 MP: 7/7
  2103 | D:2      | Learned a level 3 spell: Lesser Beckoning
  3511 | D:3      | Reached XP level 5. HP: 22/34 MP: 2/9
  3525 | D:3      | Killed from afar by an orc priest

Illustrated notes

Levels and vault maps discovered:
D:1:      eino_arrival_water_star, layout_loops_corners, st_stairs_10,
          nrook_uturn
D:2:      layout_loops_cross, minitemple, amcnicky_mini_pool_small
D:3:      layout_loops_corners

Skill      XL: |  1  2  3 |
---------------+----------+-----
Maces & Flails | 3 |  3.8
Fighting       | |  2.0
Throwing       | |  1.0
Dodging        | |  2.3
Spellcasting   | |  2.7
Translocations | |  3.8

Action                   |  1- 3 |  4- 6 || total
-------------------------+-------+-------++-------
Melee: Mace              |    73 |    57 ||   130
       Constrict         |    17 |    18 ||    35
       Tentacles         |     5 |     9 ||    14
 Cast: Gell's Gravitas   |     1 |     3 ||     4
  Use: Scroll            |       |     7 ||     7
 Stab: Sleeping          |     8 |     6 ||    14
Armor: Skin              |     9 |     8 ||    17
Dodge: Dodged            |    50 |    36 ||    86
